 Dungeon Crawl Stone Soup version 0.29.0-4-gdea44cf6ec (webtiles) character file.

Game seed: 8325294147577046907

25 qw the Caller (level 3, -1/28 HPs)
             Began as a Ghoul Summoner on Sept 9, 2022.
             Slain by a worm (8 damage)
             ... on level 2 of the Dungeon.
             The game lasted 00:00:46 (2053 turns).

qw the Caller (Ghoul Summoner)                      Turns: 2053, Time: 00:00:46

Health: -1/28      AC:  3    Str: 13    XL:     3   Next: 4%
Magic:  0/4        EV: 12    Int: 10    God:
Gold:   10         SH:  0    Dex:  9    Spells: 4/5 levels left

rFire   . . .      SeeInvis .   Y - +0 short sword
rCold   + . .      Faith    .   (no shield)
rNeg    + + +      Spirit   .   a - +0 robe
rPois   inf        Reflect  .   (no helmet)
rElec   .          Harm     .   h - +0 cloak
rCorr   .          Rampage  .   (no gloves)
Will    .....                   (no boots)
Stlth   ++........              (no amulet)
HPRegen 0.00/turn               (no ring)
MPRegen 0.09/turn               (no ring)

@: inhibited regen
A: claws 1, cold resistance 1, negative energy resistance 3, inhibited
regeneration, torment resistance 2, devour on kill
a: no special abilities


You were on level 2 of the Dungeon.
You visited 1 branch of the dungeon, and saw 2 of its levels.

You collected 10 gold pieces.


Innate Abilities, Weirdness & Mutations

You are immune to poison.
You have sharp fingernails.
Your flesh is cold resistant. (rC+)
You are immune to negative energy. (rN+++)
You do not regenerate when monsters are visible.
You are immune to unholy pain and torment.
You thrive by killing the living.


   Skills:
 + Level 1.1 Fighting
 - Level 2.0 Axes
 - Level 1.7 Dodging
 - Level 2.1 Stealth
 - Level 1.7 Spellcasting
 - Level 3.6 Summonings


You had 4 spell levels left.
You knew the following spells:

 Your Spells              Type           Power      Damage    Failure   Level
a - Summon Small Mammal   Summ           32%        N/A       8%          1

Your spell library contained the following spells:

 Spells                   Type           Power      Damage    Failure   Level
 Call Imp                 Summ           8%         N/A       11%         2
 Call Canine Familiar     Summ           8%         N/A       22%         3
 Summon Guardian Golem    Hex/Summ       4%         N/A       43%         3
 Summon Lightning Spire   Summ/Air       4%         N/A       83%         4

Inventory:

Hand Weapons
 Y - a +0 short sword (weapon)
Armour
 a - a +0 robe (worn)
 h - a +0 cloak (worn)
Potions
 b - a potion of degeneration {unknown}
 c - a potion of lignification {unknown}
 f - a potion of curing {unknown}

Dungeon Overview and Level Annotations

Branches:
Dungeon (2/15)

Altars:


Message History

HP restored.
A worm comes into view.
Enter note:
2041 ||| CASTING Summon Small Mammal
Casting: Summon Small Mammal (safe; 8% risk of failure)
Confirm with . or Enter, or press ? or * to list all spells.
2042 ||| CASTING Summon Small Mammal
Casting: Summon Small Mammal (safe; 8% risk of failure)
Confirm with . or Enter, or press ? or * to list all spells.
You miscast Summon Small Mammal.
You are very lightly contaminated with residual magic.
Nothing appears to happen.
2043 ||| CASTING Summon Small Mammal
Casting: Summon Small Mammal (safe; 8% risk of failure)
Confirm with . or Enter, or press ? or * to list all spells.
The worm bites your rat.
2044 ||| CASTING Summon Small Mammal
Casting: Summon Small Mammal (safe; 8% risk of failure)
Confirm with . or Enter, or press ? or * to list all spells.
Your rat disappears in a puff of smoke!
You hit the worm but do no damage. The worm bites you!
You barely miss the worm. You hit the worm but do no damage.
The worm bites you.
Your magical contamination has completely faded away.
You hit the worm but do no damage. You hit the worm but do no damage.
The worm completely misses you.
You hit the worm.
The worm is lightly wounded.
The worm bites you!
2052 ||| CASTING Summon Small Mammal
Casting: Summon Small Mammal (safe; 8% risk of failure)
Confirm with . or Enter, or press ? or * to list all spells.
Your bat disappears in a puff of smoke!
You hit the worm but do no damage.
The worm is lightly wounded.
The worm bites you!
You die...

#>##....#####
#....%......#
#........##.#
####.....##.#
#....###.###
#.#.## #...#
#.#.# ###.###
#.#.# #....b#
#.#.# #.###@#
#. #.wr.# #
#.##.# ..# #
###


You could see a worm (ally target), a friendly bat (summoned) and a friendly rat
(summoned).

Vanquished Creatures
  A dart slug (D:1)
  A giant cockroach (D:1)
  A hobgoblin (D:1)
  A quokka (D:1)
  A bat (D:1)
  5 kobolds (D:1)
  A rat (D:1)
11 creatures vanquished.

Vanquished Creatures (collateral kills)
  A dart slug (D:1)
  A ball python (D:1)
  A giant cockroach (D:1)
  A hobgoblin (D:1)
  A kobold (D:1)
  2 bats (D:1)
  A frilled lizard (D:2)
  A goblin (D:1)
  A rat (D:2)
10 creatures vanquished.

Grand Total: 21 creatures vanquished

Notes
Turn   | Place    | Note
-------+----------+-------------------------------------------
     0 | D:1      | qw the Ghoul Summoner began the quest for the Orb.
     0 | D:1      | Reached XP level 1. HP: 14/14 MP: 2/2
     0 | D:1      | 0 ||| qw: Version: 0.1-a-113-g051387a
     0 | D:1      | 0 ||| qw: Game counter: 7143
     0 | D:1      | 0 ||| qw: Always use a shield: true
     0 | D:1      | 0 ||| qw: God list: Okawaru
     0 | D:1      | 0 ||| qw: Allow faded altars: false
     0 | D:1      | 0 ||| qw: Do Orc after D:15 true
     0 | D:1      | 0 ||| qw: Do second Lair branch before Depths: true
     0 | D:1      | 0 ||| qw: Lair rune preference: random
     0 | D:1      | 0 ||| qw: Plans: Normal
     0 | D:1      | 0 ||| PLANNING D:1-11
    38 | D:1      | 38 ||| DROPPING potion of magic.
    39 | D:1      | 39 ||| Stepping randomly (stuck).
    41 | D:1      | 41 ||| Stepping randomly (stuck).
    43 | D:1      | 43 ||| Stepping randomly (stuck).
    45 | D:1      | 45 ||| Stepping randomly (stuck).
    46 | D:1      | 46 ||| Stepping randomly (stuck).
    47 | D:1      | 47 ||| Stepping randomly (stuck).
    48 | D:1      | 48 ||| CASTING Summon Small Mammal
    49 | D:1      | 49 ||| CASTING Summon Small Mammal
    75 | D:1      | 75 ||| Wielding weapon +0 dagger.
   112 | D:1      | 112 ||| CASTING Summon Small Mammal
   113 | D:1      | 113 ||| CASTING Summon Small Mammal
   259 | D:1      | 259 ||| CASTING Summon Small Mammal
   260 | D:1      | 260 ||| CASTING Summon Small Mammal
   303 | D:1      | 303 ||| CASTING Summon Small Mammal
   304 | D:1      | 304 ||| CASTING Summon Small Mammal
   312 | D:1      | Reached skill level 1 in Axes
   316 | D:1      | 316 ||| CASTING Summon Small Mammal
   319 | D:1      | 319 ||| Stepping ~*~*~tactically~*~*~ (outnumbered).
   323 | D:1      | 323 ||| Stepping ~*~*~tactically~*~*~ (outnumbered).
   327 | D:1      | HP: 3/14 [giant cockroach (2)]
   328 | D:1      | 328 ||| CASTING Summon Small Mammal
   329 | D:1      | Reached XP level 2. HP: 5/22 MP: 0/3
   336 | D:1      | Reached skill level 1 in Fighting
   618 | D:1      | 618 ||| CASTING Summon Small Mammal
   619 | D:1      | 619 ||| CASTING Summon Small Mammal
   620 | D:1      | 620 ||| CASTING Summon Small Mammal
   630 | D:1      | 630 ||| CASTING Summon Small Mammal
   643 | D:1      | 643 ||| CASTING Summon Small Mammal
   655 | D:1      | 655 ||| CASTING Summon Small Mammal
   791 | D:1      | 791 ||| CASTING Summon Small Mammal
   792 | D:1      | 792 ||| CASTING Summon Small Mammal
   793 | D:1      | 793 ||| CASTING Summon Small Mammal
   863 | D:1      | 863 ||| CASTING Summon Small Mammal
   868 | D:1      | 868 ||| CASTING Summon Small Mammal
   871 | D:1      | 871 ||| CASTING Summon Small Mammal
   876 | D:1      | 876 ||| CASTING Summon Small Mammal
   914 | D:1      | 914 ||| CASTING Summon Small Mammal
   915 | D:1      | 915 ||| CASTING Summon Small Mammal
   916 | D:1      | 916 ||| CASTING Summon Small Mammal
   953 | D:1      | 953 ||| SWAPPING to +0 short sword.
   954 | D:1      | 954 ||| DROPPING +0 dagger.
   955 | D:1      | 955 ||| DROPPING +0 club.
  1016 | D:1      | 1016 ||| CASTING Summon Small Mammal
  1017 | D:1      | 1017 ||| CASTING Summon Small Mammal
  1018 | D:1      | 1018 ||| CASTING Summon Small Mammal
  1110 | D:1      | 1110 ||| CASTING Summon Small Mammal
  1111 | D:1      | 1111 ||| CASTING Summon Small Mammal
  1112 | D:1      | 1112 ||| CASTING Summon Small Mammal
  1185 | D:1      | 1185 ||| CASTING Summon Small Mammal
  1186 | D:1      | 1186 ||| CASTING Summon Small Mammal
  1187 | D:1      | 1187 ||| CASTING Summon Small Mammal
  1240 | D:1      | Found a faded altar of an unknown god.
  1304 | D:1      | 1304 ||| CASTING Summon Small Mammal
  1305 | D:1      | 1305 ||| CASTING Summon Small Mammal
  1306 | D:1      | 1306 ||| CASTING Summon Small Mammal
  1316 | D:1      | 1316 ||| CASTING Summon Small Mammal
  1417 | D:1      | 1417 ||| Stepping ~*~*~tactically~*~*~ (stealth).
  1419 | D:1      | 1419 ||| Stepping ~*~*~tactically~*~*~ (stealth).
  1420 | D:1      | 1420 ||| CASTING Summon Small Mammal
  1421 | D:1      | 1421 ||| CASTING Summon Small Mammal
  1422 | D:1      | 1422 ||| CASTING Summon Small Mammal
  1700 | D:1      | 1700 ||| UPGRADING to +0 cloak.
  1705 | D:1      | 1705 ||| READING scroll labelled BICREC DERR.
  1706 | D:1      | 1706 ||| READING scroll labelled KYSTRI ZIEMMIDGH.
  1707 | D:1      | 1707 ||| READING scroll labelled UTECHO HAOGOMO.
  1708 | D:1      | 1708 ||| READING scroll labelled ADGHUT HYSEQI.
  1731 | D:2      | 1731 ||| CASTING Summon Small Mammal
  1732 | D:2      | 1732 ||| STAIRDANCE
  1745 | D:2      | 1745 ||| STAIRDANCE
  1747 | D:1      | 1747 ||| CASTING Summon Small Mammal
  1748 | D:1      | 1748 ||| CASTING Summon Small Mammal
  1749 | D:1      | 1749 ||| CASTING Summon Small Mammal
  1753 | D:1      | Reached XP level 3. HP: 16/28 MP: 0/4
  1885 | D:2      | 1885 ||| CASTING Summon Small Mammal
  1886 | D:2      | 1886 ||| CASTING Summon Small Mammal
  1887 | D:2      | 1887 ||| CASTING Summon Small Mammal
  1888 | D:2      | 1888 ||| STAIRDANCE
  1972 | D:2      | 1972 ||| CASTING Summon Small Mammal
  1973 | D:2      | 1973 ||| CASTING Summon Small Mammal
  1974 | D:2      | 1974 ||| CASTING Summon Small Mammal
  1975 | D:2      | 1975 ||| CASTING Summon Small Mammal
  2041 | D:2      | 2041 ||| CASTING Summon Small Mammal
  2042 | D:2      | 2042 ||| CASTING Summon Small Mammal
  2043 | D:2      | 2043 ||| CASTING Summon Small Mammal
  2044 | D:2      | 2044 ||| CASTING Summon Small Mammal
  2051 | D:2      | HP: 7/28 [worm (11)]
  2052 | D:2      | 2052 ||| CASTING Summon Small Mammal
  2053 | D:2      | Slain by a worm

Levels and vault maps discovered:
D:1:      zelgadis_glass_arrival_large, layout_basic,
          hellmonk_ecumenical_altar_inner_sanctum, nrook_campfire
D:2:      layout_loops_ring, uniq_terence

Skill      XL: |  1  2 |
---------------+-------+-----
Axes           | 1 2 |  2.0
Fighting       | 1 |  1.1
Dodging        | |  1.7
Stealth        | |  2.1
Spellcasting   | |  1.7
Summonings     | |  3.6

Action                   || total
-------------------------++-------
Melee: Dagger            ||    47
       Unarmed           ||     1
       Short sword       ||    26
 Cast: Summon Small Mamm ||    53
  Use: Scroll            ||     4
 Stab: Distracted        ||     3
Armor: Robe              ||    19
Dodge: Dodged            ||    65

Table legend:
 A = Non-vault XP
 B = Vault XP
 C = Vault XP percentage of total XP
 D = Non-vault monster count
 E = Vault monster count
 F = Vault count percentage of total count
                 A         B        C        D         E       F
            +---------+---------+-------+---------+---------+-------
      Total |      36 |       0 |   0.0 |      21 |       0 |   0.0
            +---------+---------+-------+---------+---------+-------
        D:1 |      34 |       0 |   0.0 |      19 |       0 |   0.0
        D:2 |       2 |       0 |   0.0 |       2 |       0 |   0.0
            +---------+---------+-------+---------+---------+-------
